Map: Ascension vers Aïur EC

Players

defer - Winner!

  • Race: Terran Terran
  • League: Diamond
  • Spawn Location: 5:00

Darktherion

  • Race: Protoss Protoss
  • League: Gold
  • Spawn Location: 11:00

VOD

Have the link to the VOD?

Description

Time

  • Played on: July 25, 2017, 5:36 p.m.
  • Length: 3:53
Show
View Real Time Build Order
Export as new Build Order

defer Terran - Winner!

Build Orders:  

Get SALT Encoding   

  12  0:09  Supply Depot  
  12  0:13  SCV  
  13  0:31  Barracks  
  13  0:38  Refinery  
  13  0:46  Refinery  
  13  0:49  SCV  
  14  1:01  SCV  
  15  1:13  SCV  
  16  1:20  Ghost Academy  
  16  1:29  Barracks Tech Lab  
  16  1:49  Personal Cloaking  
  16  2:06  Ghost  
  18  2:35  Ghost  
  20  3:03  Supply Depot, Ghost  
Show
View Real Time Build Order
Export as new Build Order

Darktherion Protoss 

Build Orders: 1 Gate Expand 

Get SALT Encoding   

  12  0:01  Probe (Chrono Boost)  
  13  0:11  Probe (Chrono Boost)  
  14  0:21  Pylon  
  14  0:23  Probe (Chrono Boost)  
  15  0:39  Probe (Chrono Boost)  
  15  0:42  Gateway  
  16  0:50  Probe (Chrono Boost)  
  17  1:00  Probe (Chrono Boost)  
  19  1:11  Probe (Chrono Boost)  
  19  1:17  Nexus  
  19  1:22  Probe (Chrono Boost)  
  20  1:25  Assimilator  
  20  1:34  Cybernetics Core  
  20  1:36  Probe (Chrono Boost)  
  21  1:44  Pylon  
  21  1:54  Probe (Chrono Boost), Assimilator  
  22  2:06  Probe (Chrono Boost)  
  23  2:08  Gateway  
  24  2:28  Mothership Core (Chrono Boost)  
  25  2:34  Gateway x2  
  25  2:41  Adept  
  27  2:45  Probe (Chrono Boost)  
  27  2:46  Probe (Chrono Boost)  
  29  2:56  Probe (Chrono Boost)  
  30  2:59  Twilight Council  
  30  3:02  Adept  
  32  3:07  Probe (Chrono Boost)  
  32  3:09  Probe (Chrono Boost)  
  34  3:14  Adept  
  34  3:18  Probe (Chrono Boost)  
  31  3:35  Robotics Facility  
Tags
 
Add a new tag
Caveats
  • Supply blocks, unpowered buildings, or Contaminate may cause inaccurate times.
  • Supply counts are checked every 10 seconds.